 Dungeon Crawl Stone Soup version 0.30.1-4-g462c640d31 (webtiles) character file.

Game seed: 1767084349547004536

6 Amplified the Sneak (level 1, -4/18 HPs)
             Began as a Demonspawn Delver on Sept 10, 2023.
             Killed from afar by Ijyb (13 damage)
             ... with a puff of flame
             ... on level 3 of the Dungeon.
             The game lasted 00:01:03 (158 turns).

Amplified the Sneak (Demonspawn Delver)              Turns: 158, Time: 00:01:03

Health: -4/18      AC:  3    Str: 12    XL:     1   Next: 75%
Magic:  1/1        EV: 12    Int: 11    God:
Gold:   12         SH:  0    Dex: 14    Spells: 0/0 levels left

rFire   . . .        a - +0 falchion
rCold   . . .        (no shield)
rNeg    . . .        b - +0 leather armour
rPois   .            (no helmet)
rElec   .            (no cloak)
rCorr   .            (no gloves)
SInv    .            (no boots)
Will    .....        (no amulet)
Stlth   ++           (no ring)
HPRegen 0.23/turn    (no ring)
MPRegen 0.07/turn

%: no passive effects
@: no status effects
A: no striking features
a: no special abilities


You were on level 3 of the Dungeon.
You visited 1 branch of the dungeon, and saw 3 of its levels.

You collected 12 gold pieces.

Inventory:

Hand Weapons
 a - a +0 falchion (weapon)
Armour
 b - a +0 leather armour (worn)
Wands
 g - a wand of digging (3)
 j - a wand of light (9)
Scrolls
 c - a scroll of fog
 d - a scroll of magic mapping
 e - a scroll of fear
 i - a scroll of acquirement
 k - a scroll of summoning
Potions
 f - a potion of haste
 h - a potion of might {unknown}


   Skills:
 * Level 3.1 Fighting
 * Level 2.0 Long Blades
 * Level 2.0 Dodging
 - Level 4.5 Stealth


You couldn't memorise any spells.
You didn't know any spells.
Your spell library was empty.

Dungeon Overview and Level Annotations

Branches:
Dungeon (5/15)
 Temple: D:4-7

Altars:

Annotations:
D:3 Ijyb
D:4 3 runed translucent doors, porada001's ghost, novice HOFi


Message History

The jackal bites you but does no damage.
You barely miss the jackal.
The jackal is heavily wounded.
The jackal barely misses you. The jackal closely misses you.
You slash the jackal!
You kill the jackal!
No target in view!
k - 2 scrolls labelled JARGHA IQAEDAMY You now have 12 gold pieces.
You open the door.
There is an open door here.
Found a stone staircase leading down.
Okay, then.
As you read the scroll labelled JARGHA IQAEDAMY, it crumbles to dust.
Wisps of shadow whirl around you...
It was a scroll of summoning.
Found a robe.
You open the door.
There is an open door here.
You swap places.
You swap places.
There is an open door here.
An endoplasm comes into view.
The helpless endoplasm fails to defend itself.
You hit the endoplasm.
The endoplasm is severely wounded.
The endoplasm hits you.
You barely miss the endoplasm.
The endoplasm is severely wounded.
The endoplasm freezes you.
You are frozen.
You hit the endoplasm.
You kill the endoplasm!
Your Long Blades skill increases to level 2!
Your Dodging skill increases to level 2!
Your kobold dissolves into shadows!
Ijyb the Twisted Goblin comes into view.
She is wielding a +0 club and carrying a wand of flame (15).
Ijyb zaps a wand.
The puff of flame hits you.
Ijyb zaps a wand.
The puff of flame hits you!
Ouch! That really hurt!
You die...

#..... #.# ##..#
#.# ....# #.#
##.######### #.#
............ #.#
......##### #S#
##.##.#.. #g#
#.##.#.# #.#
##+##'#.# #@#
#.......# #.#
#.......# #.#
#.......# #.#
#.......# #.#
#.......########.#
..###.........##g#
#..##.#...###.##.#
##..........#.##


You could see Ijyb (ally target), a friendly adder (summoned) and a friendly
hobgoblin (summoned).

Vanquished Creatures
  An endoplasm (D:3)
  3 jackals (D:3)
  A frilled lizard (D:3)
5 creatures vanquished.

Notes
Turn   | Place    | Note
-------+----------+-------------------------------------------
     0 | D:5      | Amplified the Demonspawn Delver began the quest for the
                  | Orb.
     0 | D:5      | Reached XP level 1. HP: 18/18 MP: 1/1
    26 | D:4      | Found a runed translucent gate.
    26 | D:4      | Found a runed translucent gate.
    26 | D:4      | Found a runed translucent gate.
    28 | D:4      | Noticed porada001's ghost (novice HOFi)
    48 | D:3      | Identified a scroll of acquirement
   157 | D:3      | Noticed Ijyb
   158 | D:3      | Killed from afar by Ijyb

Illustrated notes

Levels and vault maps discovered:
D:3:      layout_basic, old_standard_altar, uniq_ijyb
D:4:      layout_basic, riverfiend_overflow_shadow_ancestor,
          mainiacjoe_overflow_alcove_2,
          hellmonk_okawaru_the_only_friend_you_need, ebering_ghost_rock_garden,
          nicolae_ossuary_entry_monument, chequers_serial_rivers_room_b,
          uniq_pikel
D:5:      layout_basic, lemuel_coloured_pillars_altar, jmf_multi_god_temple,
          gammafunk_ghost_grave, hangedman_minor_gate_pass

Skill      XL: |  1 |
---------------+----+-----
Long Blades    | 2 |  2.0
Dodging        | 2 |  2.0
Fighting       | |  3.1
Stealth        | |  4.5

Action                     || total
---------------------------++-------
  Melee: Falchion          ||    27
         Punch             ||     1
    Use: Scroll            ||     1
   Stab: Sleeping          ||     1
 Armour: Leather armour    ||    13
  Dodge: Dodged            ||    14
